AoeStats
← Michi3052

Arena

508949915Analyzed
1v1 RM · 7d ago on Sep 24, 2026· 38m 12s· 2 players
Game mode
Random Map
Map size
Tiny (2 player)
Population
200
Speed
Normal
Resources
Standard
Victory
Conquest
Starting age
Dark Age
Ending age
Imperial Age
RankedLock teamsTeams togetherTeam positionsShared explorationLock speedFull tech treeHidden civsTurbo modeCheats
Victory
Defeat
🇪🇸 Turks · Spain
714
+13
🇨🇦 Vietnamese · Canada
646
-13
blackmonkey
11:01 Feudal Age
11:33 Double-Bit Axe
11:30 Horse Collar
18:25 Castle Age
17:30 Fletching
19:22 Bow Saw
19:08 Gold Mining
20:06 Wheelbarrow
19:47 Elite Skirmisher
24:19 Pikeman
25:11 Heavy Plow
25:03 Stone Mining
28:11 Forging
28:07 Squires
29:06 Ballistics
30:09 Stone Shaft Mining
33:56 Wheelbarrow
34:34 Murder Holes
35:10 Loom
36:20 Bodkin Arrow
36:26 Padded Archer Armor
37:02 Iron Casting
Michi3052
12:21 Feudal Age
14:22 Double-Bit Axe
17:51 Castle Age
22:12 Horse Collar
22:47 Bow Saw
26:21 Imperial Age
25:34 Gold Mining
25:40 Fletching
25:51 Padded Archer Armor
32:47 Bodkin Arrow
34:24 Wheelbarrow
33:44 Town Watch
33:46 Loom
Connection lost

Rejoining the realm…

Still unreachable

The connection could not be restored.

Session expired

The server has moved on; the page needs a fresh start.